 Dungeon Crawl Stone Soup version 0.27-a0-1438-g9b7c6745da (webtiles) character file.

Game seed: 16721673705918230454

57934 Lavandula the Nimble (level 14, -24/101 HPs)
             Began as a Vampire Enchanter on July 4, 2021.
             Was a High Priest of Dithmenos.
             Killed from afar by an ice dragon (49 damage)
             ... with a blast of cold
             ... on level 11 of the Dungeon.
             The game lasted 01:09:26 (20623 turns).

Lavandula the Nimble (Vampire Enchanter)           Turns: 20623, Time: 01:09:26

Health: -24/101    AC: 21    Str:  7    XL:     14   Next: 47%
Magic:  10/23      EV: 19    Int: 23    God:    Dithmenos [*****.]
Gold:   1144       SH:  0    Dex: 17    Spells: 2/25 levels left

rFire    . . .     SeeInvis +   B - +5 rapier (vamp)
rCold    . . .     Faith    .   (no shield)
rNeg     . . .     Spirit   .   u - +0 steam dragon scales
rPois    .         Reflect  .   o - +2 helmet
rElec    .         Harm     .   K - +2 cloak
rCorr    .         Rampage  +   E - +2 pair of gloves {Dex+3}
Will     +....                  I - +2 pair of boots {rampage}
Stlth    +++++++...             (no amulet)
HPRegen  0.46/turn              y - +4 ring of protection
MPRegen  0.18/turn              U - +4 ring of slaying

@: about to teleport, very slightly contaminated, healing quickly, slowed,
wreathed by umbra, studying Crossbows, very slow
A: alive, fangs 3, see invisible, vampiric 2, frail 1, wild magic 1
a: Exsanguinate, Renounce Religion, Shadow Step, Shadow Form


You were on level 11 of the Dungeon.
You worshipped Dithmenos.
Dithmenos was extremely pleased with you.
You visited 3 branches of the dungeon, and saw 18 of its levels.
You also visited: Gauntlet.

You collected 1298 gold pieces.
You spent 154 gold pieces at shops.

Inventory:

Hand Weapons
 m - a +3 quarterstaff of chaos
 q - a +2 dagger of venom
 B - a +5 vampiric rapier (weapon)
 L - a +2 double sword of electrocution
 Z - a +5 quick blade
Missiles
 b - a throwing net
Armour
 o - a +2 helmet (worn)
 r - the +1 ring mail of Neobat {rPois}
   (You found it on level 4 of the Dungeon)

   rPois:     It protects you from poison.
 u - +0 steam dragon scales (worn)
 C - a +2 leather armour of cold resistance
 E - a +2 pair of gloves of dexterity (worn)
 I - a +2 pair of boots of rampaging (worn)
 K - a +2 cloak (worn)
Jewellery
 e - the ring "Wasmaff" {Will+ Str+6}
   (You found it in a Gauntlet)

   [ring of strength]

   Str:       It affects your strength (+6).
   Will:      It increases your willpower.
 y - a +4 ring of protection (left hand)
 O - a ring of fire
 P - a +4 ring of protection
 T - a +4 ring of evasion
 U - a +4 ring of slaying (right hand)
Wands
 n - a wand of flame (11)
 s - a wand of paralysis (41)
 w - a wand of iceblast (28)
 z - a wand of mindburst (37)
 F - a wand of polymorph (19)
 Q - a wand of digging (4)
Scrolls
 a - 5 scrolls of magic mapping
 g - 6 scrolls of amnesia
 j - 3 scrolls of fear
 l - 3 scrolls of fog
 p - 4 scrolls of teleportation
 t - a scroll of holy word
 v - 2 scrolls of blinking
 A - a scroll of vulnerability
 G - a scroll of enchant armour {unknown}
 J - a scroll of torment
 N - a scroll of immolation {unknown}
Potions
 c - 2 potions of ambrosia
 d - 2 potions of resistance
 f - 3 potions of curing
 h - 2 potions of brilliance {unknown}
 i - 5 potions of might
 k - 5 potions of attraction {unknown}
 x - 3 potions of heal wounds {unknown}
 D - 3 potions of flight
 M - a potion of invisibility
 R - a potion of magic {unknown}
 V - a potion of lignification {unknown}
 W - a potion of haste
 X - a potion of cancellation {unknown}
Miscellaneous
 H - a phantom mirror
 S - a condenser vane
 Y - a piece from Xom's chessboard (15/15)


   Skills:
 - Level 11.0 Fighting
 - Level 10.3 Short Blades
 - Level 11.9 Dodging
 - Level 9.4 Stealth
 - Level 6.0 Spellcasting
 - Level 7.6 Hexes
 - Level 6.1 Summonings
 + Level 6.2 Translocations
 - Level 8.2 Invocations
 - Level 7.5 Evocations


You had 2 spell levels left.
You knew the following spells:

 Your Spells              Type           Power      Damage    Failure   Level
a - Corona                Hex            58%        N/A       1%          1
b - Ensorcelled Hibernat  Hex/Ice        62%        N/A       4%          2
c - Tukima's Dance        Hex            53%        N/A       2%          3
d - Dazzling Flash        Conj/Hex       62%        N/A       9%          3
e - Confusing Touch       Hex            53%        N/A       2%          3
f - Passage of Golubria   Tloc           N/A        N/A       10%         4
g - Summon Mana Viper     Hex/Summ       50%        N/A       21%         5
h - Apportation           Tloc           92%        N/A       1%          1
i - Animate Skeleton      Necr           16%        N/A       13%         1

Your spell library contained the following spells:

 Spells                   Type           Power      Damage    Failure   Level
 Summon Small Mammal      Summ           100%       N/A       1%          1
 Magic Dart               Conj           32%        1d4       13%         1
 Sting                    Tmut/Pois      32%        1d4       13%         1
 Passwall                 Tmut/Erth      6%         N/A       19%         2
 Poisonous Vapours        Pois/Air       16%        N/A       19%         2
 Searing Ray              Conj           16%        3d3       19%         2
 Fulminant Prism          Conj/Hex       15%        3d11      26%         4
 Summon Ice Beast         Ice/Summ       27%        N/A       32%         4
 Summon Lightning Spire   Summ/Air       27%        N/A       32%         4
 Ozocubu's Armour         Ice            9%         N/A       34%         3
 Metabolic Englaciation   Hex/Ice        15%        N/A       52%         5
 Yara's Violent Unravell  Hex/Tmut       15%        3d8       54%         5
 Airstrike                Air            4%         N/A       71%         4
 Olgreb's Toxic Radiance  Pois           8%         N/A       71%         4
 Fireball                 Conj/Fire      4%         3d4       96%         5
 Iskenderun's Battlesphe  Conj           8%         2d6       96%         5
 Lightning Bolt           Conj/Air       4%         1d15      96%         5
 Conjure Ball Lightning   Conj/Air       4%         3x3d6     100%        6
 Iron Shot                Conj/Erth      4%         9d2       100%        6
 Simulacrum               Ice/Necr       4%         N/A       100%        6
 Starburst                Conj/Fire      4%         8x6d3     100%        6
 Monstrous Menagerie      Summ           22%        N/A       100%        7
 Orb of Destruction       Conj           4%         9d2       100%        7
 Storm Form               Tmut/Air       4%         N/A       100%        7
 Ignition                 Fire           4%         3d4       100%        8
 Chain Lightning          Conj/Air       4%         3d5       100%        9
 Fire Storm               Conj/Fire      4%         8d1       100%        9


Dungeon Overview and Level Annotations

Branches:
Dungeon (11/15)            Temple (1/1) D:5            Lair (6/6) D:8
 Shoals (0/4) Lair:3        Snake (0/4) Lair:4        Slime (0/5) Lair:6
    Orc (0/2) D:11        Gauntlet (visited)

Altars:
Cheibriados
Dithmenos
Elyvilon
Gozag
Hepliaklqana
Kikubaaqudgha
Makhleb
Nemelex Xobeh
Ru
Sif Muna
Trog
Uskayaw
Wu Jian
Xom
Yredelemnul
Zin
The Shining One
Jiyva

Shops:
D:6 ?

Annotations:
D:6 3 runed translucent doors, YoungGLord's ghost, novice GrEE
D:9 exclusion: 2 killer bees
Lair:6 1 runed translucent door, 1 exclusion, Dwad's ghost, journeyman TeBe


Innate Abilities, Weirdness & Mutations

Your natural rate of healing is accelerated.
You have razor-sharp teeth.
You have supernaturally acute eyesight. (SInv)
You are afflicted with vampirism and can become a bat while bloodless.
You are frail. (-10% HP)
Your spells are a little harder to cast, but a little more powerful.


Message History

The blast of cold hits you!!
Unknown command.
Casting: Summon Mana Viper (dangerous; 21% risk of failure)
Confirm with . or Enter, or press ? or * to list all spells.
You miscast Summon Mana Viper.
You are very lightly contaminated with residual magic.
Nothing appears to happen.
The ice dragon barely misses you. The ice dragon closely misses you. x2
Unknown command.
Casting: Summon Mana Viper (dangerous; 21% risk of failure)
Confirm with . or Enter, or press ? or * to list all spells.
You miscast Summon Mana Viper.
Multicoloured lights dance before your eyes.
You feel yourself slow down.
Your mana viper bites the ice dragon.
The ice dragon breathes frost at you. The blast of cold hits you!!
Your mana viper barely misses the ice dragon.
Your mana viper bites the ice dragon.
The ice dragon breathes frost at you. The blast of cold hits you!!
* * * LOW HITPOINT WARNING * * *
Your mana viper barely misses the ice dragon.
Unknown command.
You feel better.
Your mana viper bites the ice dragon but does no damage.
Your mana viper bites the ice dragon!
The ice dragon bites you. The ice dragon claws you.
* * * LOW HITPOINT WARNING * * *
The ice dragon closely misses you.
Your mana viper bites the ice dragon!
There is an open door here.
Your mana viper completely misses the ice dragon.
The ice dragon completely misses you. The ice dragon claws you.
* * * LOW HITPOINT WARNING * * *
The ice dragon barely misses you.
As you read the scroll of teleportation, it crumbles to dust.
You feel strangely unstable.
Your mana viper bites the ice dragon.
The ice dragon breathes frost at you. The blast of cold hits you!!!
You die...

.................................
...#######'#######......#...>####
##.# #.# #......#........ ...#
#####.##### #......#........ ...#
#...'.'...# #......#........ ...#
#.###.###.# #......#...#...# .#.#
#.# #.# #.# #......#...#..##
.#.###'###.###'###......#.......#
.#.'............@DS######....#.##
.#.###'###.###'###......#...####.
##.# #.# #.# #.# #......#..##(...
...# #.###.###.# #......(.######.
...# #...'.'...# #.......##(# ##
...# #####.##### #........#.# ###
...# #.# #.....#.##.###..
...#######'#######....####...##..
.....................##(...#.....


You could see an ice dragon (catching breath, ally target) and a friendly mana
viper (summoned).

Vanquished Creatures
  A dire elephant (Lair:6)
  A minotaur (Gauntlet)
  8 hydras
  2 catoblepae
  A boulder beetle (Lair:3)
  A two-headed ogre (D:11)
  6 death yaks (Lair:6)
  A tengu warrior (D:11)
  Sonja (D:11)
  A lindwurm (Lair:6)
  A cyclops (D:11)
  A faun (Lair:2)
  An elephant (Lair:6)
  7 black mambas
  2 gargoyles (Gauntlet)
  A molten gargoyle (Gauntlet)
  10 cane toads
  14 komodo dragons
  A freezing wraith (D:11)
  5 rime drakes
  A troll (D:6)
  4 polar bears
  A hornet (D:8)
  12 blink frogs
  6 shadows
  90 yaks
  2 wyverns (Lair:5)
  3 basilisks
  7 steam dragons
  A naga (Lair:4)
  An acid dragon (D:11)
  14 water moccasins
  A sky beast (D:7)
  4 orc warriors
  A black bear (Lair:1)
  3 necrophages
  8 centaurs
  34 wolves
  A kobold brigand (D:9)
  8 bullfrogs
  6 scorpions
  2 gnoll sergeants
  2 jellies
  A howler monkey (D:11)
  4 centaur zombies
  2 hounds
  6 orc priests
  A bullfrog skeleton (D:5)
  2 iguanas
  7 orc wizards
  Natasha (twice) (D:2)
  A hound zombie (D:5)
  2 hound skeletons (D:4)
  2 howler monkey zombies (D:8)
  5 gnolls
  2 howler monkey skeletons
  6 adders
  A white imp (D:6)
  An adder skeleton (D:4)
  22 orcs
  7 endoplasms
  3 giant cockroaches
  11 goblins
  10 hobgoblins
  11 jackals
  11 kobolds
  A quokka (D:2)
  6 ball pythons
  6 bats
  4 frilled lizards
  2 rats (D:2)
417 creatures vanquished.

Vanquished Creatures (collateral kills)
  A hydra (Lair:6)
  A deep troll shaman (Lair:6)
  6 death yaks
  An elephant (Lair:6)
  A centaur zombie (D:11)
  A black mamba (Lair:4)
  A rime drake (Lair:3)
  A komodo dragon (Lair:4)
  A polar bear (Lair:6)
  2 yaks (Lair:3)
  A wyvern (Lair:4)
  2 steam dragons (Lair:3)
  A water moccasin (Lair:2)
  A black bear (Lair:6)
  11 wolves
  Crazy Yiuf (D:2)
  3 orc wizards
  Robin (D:2)
  5 gnolls
  4 orcs
  A goblin (D:4)
47 creatures vanquished.

Vanquished Creatures (others)
  5 dancing weapons
  5 rime drakes (Lair:3)
  An orc wizard (D:6)
  38 fungi
  62 plants
111 creatures vanquished.

Grand Total: 575 creatures vanquished

Notes
Turn   | Place    | Note
-------+----------+-------------------------------------------
     0 | D:1      | Lavandula the Vampire Enchanter began the quest for the
                  | Orb.
     0 | D:1      | Reached XP level 1. HP: 13/13 MP: 3/3
   226 | D:1      | Found a faded altar of an unknown god.
   355 | D:1      | Reached XP level 2. HP: 19/19 MP: 5/5
   545 | D:1      | Learned a level 2 spell: Ensorcelled Hibernation
   652 | D:1      | Reached skill level 5 in Hexes
  1293 | D:2      | Gained mutation: You are afflicted with vampirism and can
                  | become a bat while bloodless. [Vampire growth]
  1293 | D:2      | Reached XP level 3. HP: 25/25 MP: 3/6
  1500 | D:2      | Noticed Robin
  1642 | D:2      | Learned a level 3 spell: Tukima's Dance
  1894 | D:2      | Found a runed translucent door.
  1895 | D:2      | Noticed Crazy Yiuf
  2125 | D:2      | Killed Crazy Yiuf
  2126 | D:2      | Reached XP level 4. HP: 31/31 MP: 2/7
  2293 | D:2      | Noticed Natasha
  2301 | D:2      | Killed Natasha
  2538 | D:2      | Noticed Natasha
  2545 | D:2      | Killed Natasha
  2546 | D:2      | Reached XP level 5. HP: 30/36 MP: 3/8
  2552 | D:2      | Killed Robin
  3404 | D:4      | Reached XP level 6. HP: 39/42 MP: 9/9
  3453 | D:4      | Learned a level 3 spell: Dazzling Flash
  3516 | D:4      | Identified the +1 ring mail of Neobat {rPois}
  3903 | D:4      | Found a snail-covered altar of Cheibriados.
  4033 | D:5      | Entered Level 5 of the Dungeon
  4503 | D:5      | Reached XP level 7. HP: 51/52 MP: 8/10
  4545 | D:5      | Found a staircase to the Ecumenical Temple.
  4551 | Temple   | Entered the Ecumenical Temple
  4588 | Temple   | Became a worshipper of Dithmenos the Shadowed
  5251 | D:6      | Noticed a troll
  5267 | D:6      | Reached skill level 5 in Short Blades
  5273 | D:6      | Killed a troll
  5318 | D:6      | Found Mijok's Magic Scroll Shop.
  5326 | D:6      | Bought a scroll of holy word for 105 gold pieces
  5326 | D:6      | Bought a scroll of amnesia for 49 gold pieces
  5349 | D:6      | Reached XP level 8. HP: 52/60 MP: 4/11
  5423 | D:6      | Got the Incunabulum of Shifting Attacks
  6080 | D:6      | Found a runed translucent gate.
  6081 | D:6      | Found a runed translucent gate.
  6082 | D:6      | Found a runed translucent gate.
  6082 | D:6      | Noticed YoungGLord's ghost (novice GrEE)
  6439 | D:7      | Reached skill level 5 in Dodging
  6448 | D:7      | Reached * piety under Dithmenos
  6779 | D:7      | Reached XP level 9. HP: 57/62 MP: 12/12
  7182 | D:7      | Found a sparkling altar of Nemelex Xobeh.
  7472 | D:8      | Reached skill level 5 in Stealth
  7780 | D:8      | Found a hide-covered altar of Uskayaw.
  7826 | D:8      | Reached ** piety under Dithmenos
  7846 | D:8      | Reached skill level 5 in Fighting
  8318 | D:8      | Found a staircase to the Lair.
  8586 | D:9      | Learned a level 3 spell: Confusing Touch
  8719 | D:9      | Reached skill level 1 in Invocations
  8827 | D:9      | Reached XP level 10. HP: 71/76 MP: 8/13
  9114 | D:9      | Found an opulent altar of Gozag.
  9117 | D:9      | Found an ornate altar of the Wu Jian Council.
  9203 | D:9      | Found an ancient bone altar of Kikubaaqudgha.
  9401 | D:10     | Entered Level 10 of the Dungeon
  9443 | D:10     | Found a bloodstained altar of Trog.
  9905 | D:10     | Reached skill level 10 in Short Blades
 10454 | D:11     | Found a gate leading to a gauntlet.
 10468 | Gauntlet | Entered a Gauntlet
 10468 | Gauntlet | Found a transporter.
 10468 | Gauntlet | Noticed a quicksilver ooze
 10469 | Gauntlet | Noticed a wolf spider
 10470 | Gauntlet | Noticed an entropy weaver
 10471 | Gauntlet | Found a transporter.
 10476 | Gauntlet | Found a transporter.
 10477 | Gauntlet | Found a transporter.
 10479 | Gauntlet | Found a transporter.
 10481 | Gauntlet | Noticed a wretched star
 10483 | Gauntlet | Found a runed translucent gate.
 10485 | Gauntlet | Found a runed translucent gate.
 10485 | Gauntlet | Found a transporter.
 10486 | Gauntlet | Found a runed translucent gate.
 10487 | Gauntlet | Found a transporter.
 10500 | Gauntlet | Noticed a wizard
 10502 | Gauntlet | Noticed a wizard
 10507 | Gauntlet | Found a large runed translucent door.
 10507 | Gauntlet | Found a large runed translucent door.
 10507 | Gauntlet | Noticed a gargoyle
 10508 | Gauntlet | Found a large runed translucent door.
 10508 | Gauntlet | Found a large runed translucent door.
 10508 | Gauntlet | Noticed a catoblepas
 10509 | Gauntlet | Found a large runed translucent door.
 10509 | Gauntlet | Found a large runed translucent door.
 10509 | Gauntlet | Noticed a molten gargoyle
 10510 | Gauntlet | Found a runed translucent gate.
 10511 | Gauntlet | Found a runed translucent door.
 10511 | Gauntlet | Found a transporter.
 10511 | Gauntlet | Found a runed translucent gate.
 10512 | Gauntlet | Found a large runed translucent door.
 10512 | Gauntlet | Found a runed translucent gate.
 10512 | Gauntlet | Found a runed translucent door.
 10513 | Gauntlet | Found a large runed translucent door.
 10515 | Gauntlet | Found a transporter.
 10518 | Gauntlet | Found a transporter.
 10519 | Gauntlet | Found a transporter.
 10520 | Gauntlet | Found a runed translucent door.
 10523 | Gauntlet | Found a large runed translucent door.
 10523 | Gauntlet | Found a large runed translucent door.
 10523 | Gauntlet | Found a large runed translucent door.
 10523 | Gauntlet | Found a large runed translucent door.
 10530 | Gauntlet | Found a transporter.
 10721 | Gauntlet | Gained mutation: You occasionally shout uncontrollably at
                  | your foes. [potion of mutation]
 10721 | Gauntlet | Gained mutation: You are weak. (Str -2) [potion of
                  | mutation]
 10721 | Gauntlet | Gained mutation: You have large cloven feet. [potion of
                  | mutation]
 10728 | Gauntlet | Found a large runed translucent door.
 10728 | Gauntlet | Found a large runed translucent door.
 10730 | Gauntlet | Found a large runed translucent door.
 10730 | Gauntlet | Found a large runed translucent door.
 10731 | Gauntlet | Noticed a gargoyle
 10746 | Gauntlet | Killed a gargoyle
 10749 | Gauntlet | Killed a molten gargoyle
 10756 | Gauntlet | Killed a gargoyle
 10757 | Gauntlet | Reached XP level 11. HP: 86/86 MP: 14/14
 10760 | Gauntlet | Killed a catoblepas
 10765 | Gauntlet | Identified the ring "Wasmaff" {Will+ Str+6}
 10777 | Gauntlet | Noticed a minotaur
 10834 | Gauntlet | Killed a minotaur
 10834 | Gauntlet | Reached *** piety under Dithmenos
 11071 | D:11     | Noticed Sonja
 11077 | D:11     | Killed Sonja
 11085 | D:11     | Learned a level 4 spell: Passage of Golubria
 11525 | D:11     | Reached skill level 5 in Spellcasting
 11652 | D:11     | Found a staircase to the Orcish Mines.
 11704 | D:11     | Noticed a six-headed hydra
 11718 | D:11     | Noticed an ice dragon
 11718 | D:11     | Noticed a tengu warrior
 12364 | Lair:1   | Entered Level 1 of the Lair of Beasts
 12405 | Lair:1   | Learned a level 5 spell: Summon Mana Viper
 12474 | Lair:1   | Reached skill level 1 in Summonings
 12722 | Lair:1   | Reached skill level 5 in Summonings
 12930 | Lair:1   | Reached XP level 12. HP: 95/95 MP: 17/21
 13468 | Lair:1   | Learned a level 1 spell: Apportation
 13470 | Lair:1   | Learned a level 1 spell: Animate Skeleton
 13791 | Lair:2   | Reached skill level 1 in Evocations
 14160 | Lair:2   | Reached **** piety under Dithmenos
 14184 | Lair:2   | Reached skill level 5 in Evocations
 14391 | Lair:2   | Lost mutation: You are weak. (Str -2) [potion of mutation]
 14391 | Lair:2   | Lost mutation: You have large cloven feet. [potion of
                  | mutation]
 14391 | Lair:2   | Lost mutation: You occasionally shout uncontrollably at
                  | your foes. [potion of mutation]
 14391 | Lair:2   | Gained mutation: Your spells are a little harder to cast,
                  | but a little more powerful. [potion of mutation]
 14391 | Lair:2   | Gained mutation: You are frail. (-10% HP) [potion of
                  | mutation]
 14512 | Lair:2   | Reached skill level 10 in Dodging
 14518 | Lair:2   | Reached ***** piety under Dithmenos
 15396 | Lair:3   | Reached XP level 13. HP: 83/91 MP: 7/22
 16074 | Lair:3   | Found a staircase to the Shoals.
 16472 | Lair:4   | Found a staircase to the Snake Pit.
 16972 | Lair:4   | Reached skill level 10 in Fighting
 17787 | Lair:5   | Reached skill level 5 in Invocations
 18142 | Lair:6   | Entered Level 6 of the Lair of Beasts
 18638 | Lair:6   | Found a runed translucent door.
 18640 | Lair:6   | Noticed Dwad's ghost (journeyman TeBe)
 18640 | Lair:6   | Identified the +6 spear "Achim" {vorpal, +Rage Fly Will-
                  | MP+9}
 18684 | Lair:6   | Reached XP level 14. HP: 101/101 MP: 17/23
 18926 | Lair:6   | Reached skill level 1 in Translocations
 19433 | Lair:6   | Found a viscous altar of Jiyva.
 19434 | Lair:6   | Found a staircase to the Slime Pits.
 19873 | Lair:6   | Reached skill level 5 in Translocations
 20508 | D:11     | Identified a scroll of acquirement
 20509 | D:11     | Acquired a +5 quick blade
 20623 | D:11     | Killed from afar by an ice dragon

Illustrated notes

Levels and vault maps discovered:
D:1:      dpeg_arrival_short_road, layout_loops_corners,
          ebering_ecumenical_altar_sacrificial
D:2:      layout_loops_ring, basic_altar, minmay_misc_feat_iff, uniq_robin,
          uniq_crazy_yiuf_cottage, uniq_natasha
D:3:      layout_rooms
D:4:      layout_rooms, nicolae_overflow_crystal_walls,
          chequers_serial_rivers_large_a
D:5:      layout_loops_corners, temple_green
D:6:      layout_basic, gammafunk_ghost_split, serial_shops, shop
D:7:      layout_cave_pools, nemelex_spade_bored_becter, serial_column_ruins,
          column_ruins_grid_1, column_ruins_open_medium,
          column_ruins_open_tiny_water, column_ruins_open_medium
D:8:      cheibrodos_helix_gallery, layout_basic, kennysheep_mini, serial_glass,
          glass_columns_a, glass_columns_b
D:9:      layout_roguey, amcnicky_altar_gilded, nicolae_overflow_hidden_temple,
          kennysheep_generic_room_11
D:10:     layout_loops_ring, kennysheep_little_box
D:11:     layout_grid_maze, orc_0_dummy, gauntlet_entry_generic,
          minmay_door_square, minmay_fractal_squares_gapless_7, uniq_sonja
Temple:   regret_index_temple_waves
Lair:1:   layout_cave_pods, cheibrodos_lair_lostbears, grunt_megastairs_3,
          serial_bayou_shore_a
Lair:2:   layout_roguey, wad_woods_road_01, grunt_forest_large_clearings,
          grunt_megastairs_4
Lair:3:   layout_regular_city, elwin_shoals_entry_rocks,
          bobbens_dragon_lair_wall
Lair:4:   layout_loops_ring, guppyfry_snake_entry_garden,
          hangedman_lair_generics_rect
Lair:5:   layout_roguey
Lair:6:   grunt_lair_end_beastmaster, layout_layer_cave,
          dpeg_slime_entry_enclosed_altar, ebering_ghost_funeral_grove,
          infiniplex_staircase_pool_2

Skill      XL: |  1  2  3  4  5  6  7  8  9 10 11 12 13 14 |
---------------+-------------------------------------------+-----
Hexes          | 5 6 7 |  7.6
Short Blades   | 2 4 7 8 10 | 10.3
Fighting       | 3 4 6 8 9 11 | 11.0
Dodging        | 7 8 11 | 11.9
Stealth        | 9 |  9.4
Invocations    | 2 4 7 8 |  8.2
Spellcasting   | 6 |  6.0
Summonings     | 6 |  6.1
Evocations     | 5 7 |  7.5
Translocations | 6 |  6.2

Action                   |  1- 3 |  4- 6 |  7- 9 | 10-12 | 13-15 || total
-------------------------+-------+-------+-------+-------+-------++-------
Melee: Dagger            |   127 |    89 |   382 |   223 |       ||   821
       Bite              |     4 |    15 |    27 |    90 |    75 ||   211
       Quarterstaff      |       |    57 |       |    36 |       ||    93
       Rapier            |       |       |       |   564 |   634 ||  1198
       Double sword      |       |       |       |       |     5 ||     5
Throw: Throwing net      |       |       |       |     1 |       ||     1
 Cast: Corona            |    13 |       |       |       |       ||    13
       Ensorcelled Hiber |    18 |    15 |    53 |    76 |     8 ||   170
       Tukima's Dance    |     1 |     7 |    17 |     8 |     5 ||    38
       Dazzling Flash    |       |       |     3 |    17 |    10 ||    30
       Confusing Touch   |       |       |       |     1 |       ||     1
       Summon Mana Viper |       |       |       |     7 |    29 ||    36
Invok: Shadow Step       |       |       |       |     2 |     3 ||     5
Evoke: Wand              |       |       |       |     1 |       ||     1
       Phantom mirror    |       |       |       |     1 |       ||     1
  Use: Scroll            |     3 |     5 |     2 |    10 |     3 ||    23
       Potion            |       |       |       |     6 |     1 ||     7
 Stab: Sleeping          |    20 |    14 |    27 |    45 |    34 ||   140
       Distracted        |       |     1 |       |     2 |     7 ||    10
       Invisible         |       |       |     2 |    27 |    11 ||    40
       Held in net/web   |       |       |       |     2 |       ||     2
       Confused          |       |       |       |     1 |       ||     1
       Petrified         |       |       |       |       |     4 ||     4
       Petrifying        |       |       |       |       |     1 ||     1
Armor: Robe              |    13 |    46 |       |       |       ||    59
       Ring mail         |       |    12 |    95 |       |       ||   107
       Steam dragon scal |       |       |    34 |   287 |   197 ||   518
Dodge: Dodged            |    69 |    89 |   207 |   807 |   560 ||  1732
       Rpst.: Double sword |       |       |       |       |     1 ||     1

Table legend: (Time is in decaauts)
 A = Elapsed time spent in this place.
 B = Non-inter-level travel time spent in this place.
 C = Inter-level travel time spent in this place.
 D = Time resting spent in this place.
 E = Time spent auto-exploring this place.
 F = Levels seen in this place.
 G = Mean time per level.
                   A        B        C        D        E       F      G
               +--------+--------+--------+--------+--------+-----+--------+
         Total |  20069 |  18880 |   1189 |   1401 |  12856 |  19 | 1056.3 |
       Dungeon |  11998 |  11127 |    871 |    848 |   7735 |  11 | 1090.7 |
        Temple |     58 |     38 |     20 |      0 |     19 |   1 |   58.0 |
          Lair |   7467 |   7171 |    296 |    374 |   5102 |   6 | 1244.5 |
      Gauntlet |    545 |    545 |      0 |    179 |      0 |   1 |  545.0 |
               +--------+--------+--------+--------+--------+-----+--------+

Top non-repeatable levels by time:
  Lair:6: 1785 daAuts
    D:11: 1555 daAuts
  Lair:2: 1487 daAuts
     D:2: 1438 daAuts
  Lair:1: 1392 daAuts
     D:1: 1260 daAuts
     D:8: 1221 daAuts
     D:5: 1218 daAuts
     D:6: 1170 daAuts
    D:10: 1089 daAuts
  Lair:3: 977 daAuts
     D:9: 930 daAuts
  Lair:4: 926 daAuts
  Lair:5: 897 daAuts
     D:7: 765 daAuts
